 Dungeon Crawl Stone Soup version 0.26.1-11-gd32895ea62 (webtiles) character file.

Game seed: 4818230530885459986

92677 Almogavar the Warrior (level 16, -9/152 HPs)
             Began as a Hill Orc Fighter on May 2, 2021.
             Was the Champion of Okawaru.
             Mangled by an alligator snapping turtle (33 damage)
             ... on level 1 of the Shoals on May 3, 2021.
             The game lasted 01:30:42 (29713 turns).

Almogavar the Warrior (Hill Orc Fighter)           Turns: 29713, Time: 01:30:42

Health: -9/152     AC: 26    Str: 41    XL:     16   Next: 6%
Magic:  17/17      EV: 13    Int: 10    God:    Okawaru [******]
Gold:   1505       SH: 21    Dex: 13    Spells: 15/15 levels left

rFire    x . .     SeeInvis +   a - +0 war axe (flame)
rCold    + + .     Faith    .   c - +0 kite shield
rNeg     . . .     Spirit   .   S - +0 ice dragon scales
rPois    .         Reflect  +   x - +2 helmet
rElec    +         Harm     .   u - +0 cloak of the Komodo Dragon {+Fly Regen+ Str+3 Dex+3}
rCorr    .         Rampage  .   T - +3 pair of gauntlets of War {Slay+5}
Will     +....                  Z - +2 pair of boots
Stlth    ..........             U - amulet of the Screaming Enemy {Reflect rElec Str+6 Int-4 SH+5 SInv}
HPRegen  0.75/turn              D - +6 ring of strength
MPRegen  0.15/turn              l - +6 ring of intelligence

@: slightly contaminated, studying Crossbows, very slow
A: no striking features
a: Renounce Religion, Evoke Flight, Heroism, Finesse


You were on level 1 of the Shoals.
You worshipped Okawaru.
Okawaru was exalted by your worship.
You visited 5 branches of the dungeon, and saw 25 of its levels.

You collected 2333 gold pieces.
You spent 828 gold pieces at shops.

Inventory:

Hand Weapons
 a - a +0 war axe of flaming (weapon)
 e - a +0 hand crossbow
 w - the +8 fustibalus of Deformation {vorpal, *Contam Will- Str+8 Stlth+}
   (Okawaru gifted it to you on level 14 of the Dungeon)

   Any stone fired from it inflicts extra damage.
   It affects your strength (+8).
   It affects your willpower, your defense against some magical effects.
   It causes magical contamination when unequipped.
   It makes you more stealthy.
Missiles
 g - 315 sling bullets
 h - 68 bolts
 j - 342 stones (quivered)
Armour
 c - a +0 kite shield (worn)
 p - a +1 hat of willpower
 u - the +0 cloak of the Komodo Dragon (worn) {+Fly Regen+ Str+3 Dex+3}
   (Okawaru gifted it to you on level 11 of the Dungeon)

   It affects your strength (+3).
   It affects your dexterity (+3).
   It lets you fly.
   It increases your rate of regeneration.
 x - a +2 helmet (worn)
 M - a +2 pair of gloves of archery
 S - +0 ice dragon scales (worn)
 T - the +3 pair of gauntlets of War (worn) {Slay+5}
   (Okawaru gifted it to you on level 6 of the Lair of Beasts)

   It affects your accuracy and damage with ranged weapons and melee attacks
   (+5).
 Z - a +2 pair of boots (worn)
Jewellery
 f - an uncursed ring of protection from cold
 l - a +6 ring of intelligence (right hand)
 z - an uncursed amulet of the acrobat
 D - a +6 ring of strength (left hand)
 U - the amulet of the Screaming Enemy (around neck) {Reflect rElec Str+6 Int-4 SH+5 SInv}
   (You bought it in a shop on level 2 of the Orcish Mines)

   [amulet of reflection]

   It shields you and reflects attacks.
   It affects your strength (+6).
   It affects your intelligence (-4).
   It insulates you from electricity.
   It lets you see invisible.
   It affects your SH (+5).
Wands
 n - a wand of flame (77)
 y - a wand of iceblast (23)
 C - a wand of digging (4)
Scrolls
 b - 5 scrolls of blinking
 m - 10 scrolls of remove curse
 o - 9 scrolls of teleportation
 q - 3 scrolls of enchant armour
 t - 2 scrolls of fear
 F - 4 scrolls of enchant weapon
 H - 5 scrolls of fog
 N - 2 scrolls of brand weapon
 O - a scroll of silence
 R - a scroll of random uselessness {unknown}
 W - 3 scrolls of magic mapping
Potions
 d - 9 potions of might
 i - 6 potions of heal wounds
 k - 7 potions of haste
 r - 6 potions of curing
 s - 2 potions of cancellation
 A - 5 potions of resistance
 K - 3 potions of flight
 P - a potion of magic {unknown}
 Q - a potion of mutation {unknown}
 V - a potion of ambrosia {unknown}
 Y - 3 potions of invisibility {unknown}
Books
 v - a manual of Crossbows
Miscellaneous
 E - a phial of floods
 I - a condenser vane
 L - a condenser vane


   Skills:
 + Level 16.4 Fighting
 - Level 14.4 Axes
 - Level 0.1(8.0) Maces & Flails
 - Level 12.0 Slings
 + Level 0.5(7.8) Throwing
 + Level 10.8 Armour
 + Level 5.4 Dodging
 - Level 0.1 Stealth
 + Level 14.3 Shields
 + Level 0.1 Unarmed Combat
 + Level 2.2 Invocations
 + Level 0.2 Evocations


You had 15 spell levels left.
You didn't know any spells.
Your spell library contained the following spells:

 Spells                   Type           Power        Failure   Level
 Animate Skeleton         Necr           0%           56%         1
 Foxfire                  Conj/Fire      0%           56%         1
 Magic Dart               Conj           0%           56%         1
 Pain                     Necr           0%           56%         1
 Summon Small Mammal      Summ           0%           56%         1
 Blink                    Tloc           N/A          71%         2
 Call Imp                 Summ           0%           71%         2
 Poisonous Vapours        Pois/Air       0%           71%         2
 Searing Ray              Conj           0%           71%         2
 Slow                     Hex            0%           71%         2
 Call Canine Familiar     Summ           0%           91%         3
 Conjure Flame            Conj/Fire      0%           91%         3
 Dazzling Flash           Conj/Hex       0%           91%         3
 Inner Flame              Hex/Fire       0%           91%         3
 Mephitic Cloud           Conj/Pois/Air  0%           91%         3
 Summon Guardian Golem    Hex/Summ       0%           91%         3
 Vampiric Draining        Necr           0%           91%         3
 Animate Dead             Necr           0%           100%        4
 Fulminant Prism          Conj/Hex       0%           100%        4
 Iskenderun's Mystic Bla  Conj/Tloc      0%           100%        4
 Leda's Liquefaction      Hex/Erth       0%           100%        4
 Sticky Flame             Conj/Fire      0%           100%        4
 Summon Ice Beast         Ice/Summ       0%           100%        4
 Summon Lightning Spire   Summ/Air       0%           100%        4
 Agony                    Necr           0%           100%        5
 Bolt of Magma            Conj/Fire/Erth 0%           100%        5
 Fireball                 Conj/Fire      0%           100%        5
 Freezing Cloud           Conj/Ice/Air   0%           100%        6
 Iron Shot                Conj/Erth      0%           100%        6
 Statue Form              Tmut/Erth      0%           100%        6
 Malign Gateway           Summ/Tloc      0%           100%        7
 Monstrous Menagerie      Summ           0%           100%        7
 Summon Greater Demon     Summ           0%           100%        7
 Summon Horrible Things   Summ           0%           100%        8
 Shatter                  Erth           0%           100%        9


Dungeon Overview and Level Annotations

Branches:
Dungeon (15/15)            Temple (1/1) D:5            Lair (6/6) D:8
 Shoals (1/4) Lair:2       Spider (0/4) Lair:3        Slime (0/5) Lair:6
    Orc (2/2) D:11            Elf (0/3) Orc:2        Vaults (0/5) D:14
 Depths (0/5) D:15

Altars:
Ashenzari
Cheibriados
Dithmenos
Elyvilon
Fedhas
Gozag
Hepliaklqana
Kikubaaqudgha
Makhleb
Nemelex Xobeh
Okawaru
Qazlal
Ru
Sif Muna
Trog
Uskayaw
Vehumet
Wu Jian
Xom
Yredelemnul
Zin
The Shining One
Beogh

Shops:
D:9 !   D:10 !   D:15 :   Orc:2 *(=[


Message History

You burn the alligator snapping turtle. You hit the snapping turtle.
You burn the snapping turtle.
You block the alligator snapping turtle's attack. x2
Unknown command.
You hit the alligator snapping turtle but do no damage.
The alligator snapping turtle is almost dead.
You slash the snapping turtle! You burn the snapping turtle.
You hit the alligator snapping turtle but do no damage.
You block the snapping turtle's attack.
Unknown command.
Your unstable footing causes you to fumble your attack.
You feel like a meek peon again.
The alligator snapping turtle bites you!
* * * LOW HITPOINT WARNING * * *
The snapping turtle bites you!
* * * LOW HITPOINT WARNING * * *
You block the alligator snapping turtle's attack.
You feel much better. You block the snapping turtle's attack.
The alligator snapping turtle bites you!!
You die...

≈≈≈≈≈.........≈≈≈≈≈≈P≈≈≈
≈≈≈≈≈≈..##.(..≈≈≈≈≈P≈≈≈≈
≈≈≈≈≈...###....≈≈≈≈≈≈≈≈≈
≈≈≈≈≈.........≈≈≈≈≈≈≈≈≈≈
.........≈≈≈≈≈≈≈≈≈≈
........(≈†≈≈≈≈≈≈≈≈
........(≈≈≈≈≈≈≈≈≈≈
.)....t(≈≈≈≈≈≈≈≈≈≈≈
......t@≈≈≈≈≈≈≈≈≈(.
......t()≈≈≈≈≈≈≈≈≈.
..≈≈≈.≈((≈≈≈≈≈≈≈≈≈
.≈≈(≈≈(≈(≈≈≈≈≈≈≈≈≈
≈≈≈≈≈≈≈(≈≈≈≈≈≈≈≈≈
≈≈≈≈≈≈≈.≈≈≈≈≈≈≈≈≈
≈≈≈≈≈≈≈..≈≈≈≈≈≈≈≈
.≈≈≈≈≈...≈≈≈≈≈≈≈≈
..≈≈≈....≈≈≈≈≈≈≈


You could see 2 alligator snapping turtles and a snapping turtle.

Vanquished Creatures
  A kraken (Shoals:1)
  Gastronok (Lair:1)
  3 orc warlords (Orc:1)
  Nessos (Lair:6)
  Harold (D:9)
  3 boulder beetles
  5 hydras
  A centaur warrior (D:13)
  A merfolk avatar (Shoals:1)
  A catoblepas (Lair:3)
  2 dancing weapons (D:14)
  4 two-headed ogres
  4 death yaks (Lair:4)
  A vampire mage (D:15)
  An orc high priest (Orc:1)
  The ghost of stil the Covert, a novice HaBr of Uskayaw (D:8)
  Sonja (Lair:6)
  Nergalle (Lair:4)
  2 skeletal warriors (D:15)
  3 sea snakes (Shoals:1)
  5 unseen horrors
  A harpy (Shoals:1)
  Pikel (D:6)
  5 orc knights
  2 shadow dragon zombies (D:15)
  An orb spider (Lair:3)
  A necromancer (D:15)
  4 manticores
  An iron dragon zombie (D:15)
  2 deep elf magi (D:14)
  6 ugly things
  4 elephants
  6 orc sorcerers
  2 cyclopes
  2 merfolk sirens (Lair:2)
  4 black mambas
  A water nymph (Shoals:1)
  Joseph (Lair:1)
  18 cane toads
  A rime drake (Lair:5)
  A kobold demonologist (D:13)
  7 komodo dragons
  A redback zombie (D:15)
  7 trolls
  A merfolk (Shoals:1)
  3 tyrant leeches (Lair:6)
  17 blink frogs
  A meliai (shapeshifter) (D:13)
  A hornet (Lair:3)
  2 polar bears (Lair:6)
  3 meliai (D:14)
  A wind drake (Shoals:1)
  8 slime creatures
  14 dream sheep
  A blink frog (shapeshifter) (D:13)
  2 shadows
  2 wraiths (D:13)
  35 yaks
  6 wyverns
  5 basilisks
  9 vampire mosquitoes
  Menkaure (D:7)
  8 wargs
  Duvessa (D:7)
  19 water moccasins
  7 ice beasts
  A hornet zombie (D:15)
  31 orc warriors
  4 black bears
  7 phantoms
  3 sky beasts
  12 centaurs
  2 eyes of draining
  9 wolves
  5 ogres
  2 lemures (D:6)
  3 big kobolds
  28 bullfrogs
  A wyvern skeleton (D:14)
  Dowan (D:7)
  5 scorpions
  2 troll zombies (D:11)
  16 killer bees
  13 wights
  A tengu skeleton (D:15)
  3 electric eels
  6 centaur zombies
  2 howler monkeys
  4 bullfrog zombies
  8 hounds
  3 jellies
  20 orc priests
  3 bullfrog skeletons
  2 centaur skeletons
  2 gnoll shamans
  Jessica (D:2)
  3 iguanas
  21 orc wizards
  5 worker ants
  4 ogre zombies (D:11)
  2 centaur simulacra (D:8)
  A hound zombie (D:6)
  2 hound skeletons
  2 worker ant zombies
  2 howler monkey skeletons
  A howler monkey zombie (D:9)
  18 adders
  16 gnolls
  3 shadow imps
  3 white imps
  An ufetubus (D:6)
  2 adder zombies
  An adder skeleton (D:5)
  2 worms
  2 dart slugs (D:1)
  4 leopard geckos
  55 orcs
  2 ball pythons
  7 giant cockroaches
  8 goblins
  10 hobgoblins
  8 jackals
  18 kobolds
  4 quokkas
  9 bats
  6 frilled lizards
  A goblin skeleton (D:11)
  2 goblin zombies (D:11)
  A jackal skeleton (D:4)
  A jackal zombie (D:8)
  A leopard gecko skeleton (D:7)
  A leopard gecko zombie (D:6)
  7 orc skeletons (D:11)
  9 orc zombies (D:11)
  A quokka simulacrum (D:8)
  2 quokka skeletons
  3 rats
  3 tentacles (Shoals:1)
723 creatures vanquished.

Vanquished Creatures (others)
  49 fungi
  186 plants
  4 tentacles (Shoals:1)
  3 withered plants
242 creatures vanquished.

Grand Total: 965 creatures vanquished

Notes
Turn   | Place    | Note
-------+----------+-------------------------------------------
     0 | D:1      | Almogavar the Hill Orc Fighter began the quest for the Orb.
     0 | D:1      | Reached XP level 1. HP: 19/19 MP: 1/1
    67 | D:1      | Reached XP level 2. HP: 27/27 MP: 2/2
   272 | D:1      | Reached XP level 3. HP: 22/33 MP: 3/3
   970 | D:2      | Reached XP level 4. HP: 40/40 MP: 4/4
  1035 | D:2      | Noticed Jessica
  1048 | D:2      | HP: 2/40 [Jessica/+0 dagger (3)]
  1052 | D:2      | Killed Jessica
  2084 | D:3      | Reached XP level 5. HP: 46/46 MP: 5/5
  2528 | D:3      | Reached skill level 4 in Fighting
  2979 | D:4      | Found an ornate altar of the Wu Jian Council.
  3207 | D:4      | Reached skill level 5 in Axes
  3217 | D:4      | Reached skill level 1 in Dodging
  3217 | D:4      | Reached XP level 6. HP: 46/52 MP: 6/6
  3775 | D:5      | Entered Level 5 of the Dungeon
  4054 | D:5      | Found a staircase to the Ecumenical Temple.
  4064 | Temple   | Entered the Ecumenical Temple
  4146 | Temple   | Became a worshipper of Warmaster Okawaru
  4397 | D:5      | Reached skill level 1 in Slings
  4397 | D:5      | Reached XP level 7. HP: 24/60 MP: 7/7
  4767 | D:5      | Reached skill level 5 in Shields
  5533 | D:6      | Reached * piety under Okawaru
  5583 | D:6      | Reached skill level 5 in Armour
  5583 | D:6      | Reached XP level 8. HP: 67/67 MP: 8/8
  5865 | D:6      | Reached skill level 5 in Fighting
  6010 | D:6      | Found a hazy altar of Hepliaklqana.
  6189 | D:6      | Noticed Pikel
  6215 | D:6      | Killed Pikel
  6215 | D:6      | Reached ** piety under Okawaru
  6216 | D:6      | Reached XP level 9. HP: 48/75 MP: 9/9
  6471 | D:6      | Found an ancient bone altar of Kikubaaqudgha.
  6471 | D:6      | Found a burning altar of Makhleb.
  6897 | D:7      | Found a white marble altar of Elyvilon.
  7036 | D:7      | Reached skill level 6 in Fighting
  7036 | D:7      | Reached skill level 10 in Axes
  7210 | D:7      | Reached *** piety under Okawaru
  7523 | D:7      | Noticed Dowan
  7523 | D:7      | Noticed Duvessa
  7533 | D:7      | Killed Dowan
  7564 | D:7      | Killed Duvessa
  7814 | D:7      | Noticed Menkaure
  7837 | D:7      | Killed Menkaure
  8589 | D:8      | Found a bloodstained altar of Trog.
  8589 | D:8      | Found a snail-covered altar of Cheibriados.
  8589 | D:8      | Found a stormy altar of Qazlal.
  8589 | D:8      | Found a sacrificial altar of Ru.
  8684 | D:8      | Reached skill level 7 in Fighting
  8684 | D:8      | Reached skill level 1 in Invocations
  8708 | D:7      | Reached XP level 10. HP: 57/86 MP: 10/10
  8978 | D:8      | Reached **** piety under Okawaru
  9520 | D:8      | Found a staircase to the Lair.
  9704 | D:8      | Reached skill level 5 in Slings
  9800 | D:8      | Found an opulent altar of Gozag.
  9949 | D:8      | Found a runed translucent gate.
  9949 | D:8      | Found a runed translucent gate.
  9949 | D:8      | Found a runed translucent gate.
  9983 | D:8      | Found a shimmering blue altar of Sif Muna.
 10026 | D:8      | Received a gift from Okawaru
 10247 | D:8      | Noticed stil's ghost (novice HaBr)
 10375 | D:8      | Found a basalt altar of Yredelemnul.
 10387 | D:8      | Noticed a two-headed ogre
 10398 | D:8      | Killed a two-headed ogre
 10840 | D:8      | Killed stil's ghost
 10840 | D:8      | Reached ***** piety under Okawaru
 10840 | D:8      | Received a gift from Okawaru
 10841 | D:8      | Reached skill level 8 in Fighting
 11148 | D:9      | Reached XP level 11. HP: 92/94 MP: 11/11
 11488 | D:9      | Received a gift from Okawaru
 11597 | D:9      | Noticed Harold
 11611 | D:9      | Killed Harold
 11950 | D:9      | Found Sett's Distillery.
 12067 | D:9      | Found a glowing silver altar of Zin.
 12237 | D:9      | Received a gift from Okawaru
 12695 | D:10     | Entered Level 10 of the Dungeon
 13353 | D:10     | Found Kaesipp's Distillery.
 13368 | D:10     | Bought a potion of curing for 42 gold pieces
 13716 | D:11     | Noticed a white ugly thing
 13728 | D:11     | Killed a white ugly thing
 14075 | D:11     | Received a gift from Okawaru
 14096 | D:11     | Got a spiked cloak {god gift}
 14102 | D:11     | Identified the +0 cloak of the Komodo Dragon {+Fly Regen+
                  | Str+3 Dex+3} (Okawaru gifted it to you on level 11 of the
                  | Dungeon)
 14222 | D:11     | Found a staircase to the Orcish Mines.
 14303 | D:11     | Noticed a manticore
 14324 | D:11     | Killed a manticore
 14325 | D:11     | Reached skill level 9 in Fighting
 14912 | Orc:1    | Entered Level 1 of the Orcish Mines
 14921 | Orc:1    | Noticed an orc knight
 14947 | Orc:1    | Killed an orc knight
 15128 | Orc:1    | Noticed an orc knight
 15131 | Orc:1    | Noticed an orc sorcerer
 15200 | D:11     | Killed an orc sorcerer
 15297 | Orc:1    | Killed an orc knight
 15448 | Orc:2    | Entered Level 2 of the Orcish Mines
 15448 | Orc:2    | Found a roughly hewn altar of Beogh.
 15453 | Orc:2    | Reached XP level 12. HP: 75/102 MP: 12/12
 15540 | Orc:2    | Noticed a sun demon
 15942 | Orc:2    | Noticed a soul eater
 16260 | Orc:1    | Noticed an orc warlord
 16416 | Orc:2    | Noticed an orc warlord
 16441 | Orc:1    | Killed an orc warlord
 16441 | Orc:1    | Received a gift from Okawaru
 16442 | Orc:1    | Reached skill level 10 in Fighting
 16679 | Orc:2    | Noticed an orc warlord
 16733 | Orc:1    | Killed an orc warlord
 16734 | Orc:1    | Reached skill level 10 in Shields
 16881 | Orc:2    | Paralysed by an orc sorcerer for 5 turns
 17075 | Orc:2    | Noticed a soul eater
 17164 | Orc:2    | Noticed an orc high priest
 17190 | Orc:2    | Noticed a sun demon
 17190 | Orc:2    | Noticed a sun demon
 17201 | Orc:1    | Killed an orc high priest
 17277 | Orc:2    | Noticed a two-headed ogre
 17283 | Orc:2    | Killed a two-headed ogre
 17284 | Orc:2    | Reached XP level 13. HP: 115/115 MP: 14/14
 17310 | Orc:2    | Found a roughly hewn altar of Beogh.
 17356 | Orc:2    | Reached skill level 11 in Fighting
 17398 | Orc:2    | Found Zajobet's Jewellery Shop.
 17409 | Orc:2    | Found Virau's General Store.
 17417 | Orc:2    | Found a staircase to the Elven Halls.
 17424 | Orc:2    | Found Keguugaull's Antique Weapon Shop.
 17440 | Orc:2    | Found Qine Ber's Antique Armour Shop.
 17463 | Orc:2    | Bought the amulet of the Screaming Enemy {Reflect rElec
                  | Str+6 Int-4 SH+5 SInv} for 786 gold pieces
 18111 | Orc:1    | Killed an orc warlord
 18505 | Lair:1   | Entered Level 1 of the Lair of Beasts
 18565 | Lair:1   | Noticed Gastronok
 18584 | Lair:1   | Killed Gastronok
 18865 | Lair:1   | Noticed Joseph
 18872 | Lair:1   | Killed Joseph
 19865 | Lair:2   | Received a gift from Okawaru
 20353 | Lair:2   | Got a crude mace
 20354 | Lair:2   | Identified the cursed +0 mace "Vuasaod" {protect, Stlth+}
                  | (You found it on level 2 of the Lair of Beasts)
 20423 | Lair:2   | Found a staircase to the Shoals.
 20810 | Lair:3   | Found a hole to the Spider Nest.
 20996 | Lair:3   | Reached skill level 12 in Fighting
 21581 | Lair:4   | Reached ****** piety under Okawaru
 21609 | Lair:4   | Noticed Nergalle
 21627 | Lair:4   | Killed Nergalle
 21628 | Lair:4   | Reached skill level 10 in Slings
 21801 | Lair:4   | Reached XP level 14. HP: 115/127 MP: 15/15
 22069 | Lair:4   | Reached skill level 10 in Armour
 22555 | Lair:5   | Reached skill level 13 in Fighting
 22576 | Lair:5   | Received a gift from Okawaru
 23159 | Lair:5   | Received a gift from Okawaru
 23777 | Lair:6   | Entered Level 6 of the Lair of Beasts
 24191 | Lair:6   | Noticed Sonja
 24356 | Lair:6   | Killed Sonja
 24387 | Lair:5   | Received a gift from Okawaru
 24533 | Lair:6   | Reached skill level 5 in Dodging
 24669 | Lair:6   | Reached skill level 14 in Fighting
 24679 | Lair:6   | Received a gift from Okawaru
 24680 | Lair:6   | Found the +3 pair of gauntlets of War {Slay+5}
 24735 | Lair:6   | Reached XP level 15. HP: 104/138 MP: 16/16
 24802 | Lair:6   | Found a staircase to the Slime Pits.
 25048 | Lair:6   | Noticed Nessos
 25055 | Lair:6   | Killed Nessos
 26512 | D:12     | Found a shadowy altar of Dithmenos.
 27546 | D:13     | Reached skill level 15 in Fighting
 27802 | D:14     | Received a gift from Okawaru
 27904 | D:14     | Received a gift from Okawaru
 27926 | D:14     | Found a gate to the Vaults.
 28111 | D:14     | Received a gift from Okawaru
 28114 | D:14     | Got a dazzling fustibalus {god gift}
 28115 | D:14     | Identified the +8 fustibalus of Deformation {vorpal,
                  | *Contam Will- Str+8 Stlth+} (Okawaru gifted it to you on
                  | level 14 of the Dungeon)
 28327 | D:15     | Entered Level 15 of the Dungeon
 28338 | D:15     | Found a staircase to the Depths.
 28775 | D:15     | Found Zawur's Book Shop.
 29048 | D:15     | Reached skill level 16 in Fighting
 29550 | Shoals:1 | Entered Level 1 of the Shoals
 29567 | Shoals:1 | Identified a scroll of acquirement
 29569 | Shoals:1 | Acquired a manual of Crossbows
 29628 | Shoals:1 | Gained mutation: You are frail. (-10% HP) [mutagenic glow]
 29671 | Shoals:1 | Noticed a kraken
 29676 | Shoals:1 | Received a gift from Okawaru
 29677 | Shoals:1 | Reached XP level 16. HP: 127/136 MP: 17/17
 29698 | Shoals:1 | Lost mutation: You are frail. (-10% HP) [mutagenic glow]
 29699 | Shoals:1 | Killed a kraken
 29712 | Shoals:1 | HP: 2/152 [snapping turtle (16)]
 29713 | Shoals:1 | Mangled by an alligator snapping turtle

Illustrated notes

Levels and vault maps discovered:
D:1:      lightli_arrival_chessboard, layout_loops_cross, minmay_bisected
D:2:      layout_basic, minmay_tromino_v7, uniq_jessica
D:3:      layout_basic
D:4:      layout_loops_ring, old_standard_altar, minmay_diced_spiral
D:5:      layout_layer_cave, minmay_temple_entry_slanted
D:6:      layout_basic, gammafunk_temple_overflow_wave,
          overflow_temple_1_default, uniq_pikel
D:7:      layout_basic, nicolae_overflow_crystal_walls, sigmund_army,
          uniq_duvessa, uniq_menkaure
D:8:      layout_cave_pods, nicolae_gozag_seed_capital, lemuel_doored_altar,
          chequers_temple_overflow_statue_of_worship, minmay_lair_entry_grove,
          gammafunk_ghost_icy, yredelemnul_altar_generic
D:9:      layout_basic, zin_scriptorium, serial_shops, nicolae_shop_waterfront,
          uniq_harold
D:10:     layout_stronghold, serial_shops, nicolae_shop_trees,
          serial_park_tiny_2
D:11:     layout_loops_corners, zombieorc1_lemuel
D:12:     layout_stronghold, basic_altar, minmay_misc_feat_diagonals
D:13:     layout_roguey
D:14:     layout_rooms, erik_vaults_1
D:15:     gammafunk_depths_entry_grave, layout_basic, serial_shops, shop,
          chequers_serial_rivers_large_b
Temple:   eino_temple_lava
Lair:1:   minmay_lair_venomous_thicket, layout_hall_layers,
          nicolae_quartered_pool_little, grunt_megastairs_5, uniq_gastronok,
          uniq_joseph
Lair:2:   layout_gridlike, elwin_shoals_entry_rooms, serial_bayou_pond_b,
          grunt_megastairs_1
Lair:3:   layout_regular_city, nicolae_spider_entry_orb_guardian,
          guppyfry_lair_drakes
Lair:4:   layout_loops_ring, serial_forest, infiniplex_forest_clump_double,
          infiniplex_forest_clump_long, infiniplex_forest_lined_4_way,
          infiniplex_forest_straight_4, infiniplex_forest_straight_3,
          uniq_nergalle
Lair:5:   layout_cave_pods, grunt_megastairs_2
Lair:6:   minmay_lair_end_frog_pond, layout_loops_ring,
          minmay_slime_entry_pillars, uniq_sonja, uniq_nessos
Shoals:1: layout_shoals, serial_shops,
          nicolae_shop_temple_entry_statues_fountains,
          nicolae_shoals_siren_and_animal_friends
Orc:1:    layout_caves
Orc:2:    grunt_orc_cross, layout_diamond_mine, basic_altar

Skill      XL: |  1  2  3  4  5  6  7  8  9 10 11 12 13 14 15 |
---------------+----------------------------------------------+-----
Armour         | 4 5 6 7 8 9 10 | 10.8
Axes           | 3 4 5 6 7 9 11 12 13 14 | 14.4
Shields        | 4 5 6 7 8 9 10 11 12 14 | 14.3
Fighting       | 4 5 7 8 9 10 12 14 16 | 16.4
Dodging        | 1 2 3 4 5 |  5.4
Slings         | 1 2 3 4 6 8 10 11 12 | 12.0
Invocations    | 1 2 |  2.2
Maces & Flails | |  0.1
Throwing       | |  0.5
Stealth        | |  0.1
Unarmed Combat | |  0.1
Evocations     | |  0.2

Action                   |  1- 3 |  4- 6 |  7- 9 | 10-12 | 13-15 | 16-18 || total
-------------------------+-------+-------+-------+-------+-------+-------++-------
Melee: War axe           |   104 |   169 |   283 |   718 |   528 |    23 ||  1825
       Unarmed           |       |       |     6 |       |       |       ||     6
       Morningstar       |       |       |       |       |     2 |       ||     2
 Fire: Hunting sling     |       |    25 |   116 |   267 |   842 |       ||  1250
       Fustibalus        |       |       |       |       |   123 |     7 ||   130
Throw: Stone             |       |       |       |     9 |       |       ||     9
Invok: Heroism           |       |       |     4 |     7 |     2 |     1 ||    14
Evoke: Wand              |       |       |       |     1 |       |       ||     1
  Use: Scroll            |     3 |     7 |     6 |     3 |    19 |       ||    38
       Potion            |       |     1 |       |     3 |       |     2 ||     6
Armor: Scale mail        |    66 |    76 |       |       |       |       ||   142
       Chain mail        |       |    37 |   201 |   132 |       |       ||   370
       Skin              |       |       |     2 |       |       |       ||     2
       Ice dragon scales |       |       |       |   202 |   219 |    19 ||   440
Dodge: Dodged            |    43 |    41 |    90 |   194 |   185 |    34 ||   587
Block: Kite shield       |    61 |   115 |   201 |   404 |   662 |    69 ||  1512
       Reflection        |       |       |       |       |    31 |     1 ||    32
